Map: Alcyone LE

Players

Dark - Winner!

  • Race: Zerg Zerg
  • Spawn Location: 1:00

PiG

  • Race: Protoss Protoss
  • League: Master
  • Spawn Location: 7:00

VOD

Have the link to the VOD?

Description

Time

  • Played on: Oct. 23, 2023, 7:20 p.m.
  • Length: 6:33
Show
View Real Time Build Order
Export as new Build Order

Dark Zerg - Winner!

Build Orders: Hatch First 

Get SALT Encoding   

  12  0:00  Drone  
  13  0:12  Overlord  
  13  0:17  Drone  
  14  0:31  Drone x2  
  16  0:50  Hatchery  
  16  0:53  Drone  
  16  0:56  Drone  
  17  1:00  Drone  
  18  1:10  Extractor  
  17  1:15  Spawning Pool  
  16  1:18  Drone  
  16  1:21  Drone  
  18  1:28  Drone  
  19  1:41  Drone  
  20  1:52  Drone  
  21  2:02  Queen x2  
  21  2:04  Zergling x2  
  26  2:10  Metabolic Boost  
  26  2:13  Overlord  
  26  2:17  Drone  
  26  2:18  Zergling x2  
  28  2:34  Zergling x4  
  28  2:35  Drone x2  
  32  2:41  Queen  
  34  2:47  Spore Crawler  
  33  2:58  Overlord, Hatchery  
  33  2:59  Drone x3  
  35  3:13  Drone  
  35  3:16  Queen  
  35  3:17  Drone  
  35  3:19  Drone x4  
  43  3:31  Drone  
  43  3:32  Spore Crawler  
  43  3:36  Overlord  
  43  3:38  Queen  
  43  3:39  Spore Crawler  
  44  3:47  Roach Warren  
  43  3:48  Drone  
  43  3:49  Overlord  
  43  3:54  Queen  
  43  3:55  Drone x4  
  50  4:02  Extractor  
  49  4:07  Extractor  
  49  4:08  Drone x4  
  52  4:15  Queen  
  54  4:23  Overlord x3  
  54  4:27  Overlord  
  54  4:28  Overlord  
  54  4:30  Roach x2  
  58  4:43  Roach x6  
  58  4:45  Roach  
  72  4:53  Zergling x2  
  72  4:54  Zergling x8  
  72  4:57  Zergling x4  
  79  5:02  Zergling x4  
  79  5:03  Ravager  
  79  5:04  Ravager x2  
  84  5:07  Overlord  
  84  5:11  Ravager  
  84  5:12  Zergling x4  
  87  5:16  Zergling x6  
  87  5:20  Ravager  
  89  5:28  Zergling x2  
  89  5:29  Zergling x10  
  89  5:33  Ravager  
  96  5:35  Zergling x2  
  96  5:40  Zergling x4  
  90  5:55  Drone x5  
  90  5:56  Drone  
  93  6:00  Drone x2  
  85  6:12  Drone  
  85  6:13  Drone x3  
  85  6:14  Drone  
  85  6:16  Spore Crawler  
Show
View Real Time Build Order
Export as new Build Order

PiG Protoss 

Build Orders: 1 Gate Expand 

Get SALT Encoding   

  12  0:00  Probe  
  13  0:12  Probe  
  14  0:18  Pylon  
  14  0:24  Probe (Chrono Boost)  
  15  0:36  Probe (Chrono Boost)  
  15  0:39  Gateway  
  16  0:45  Probe (Chrono Boost)  
  16  0:47  Assimilator  
  17  0:51  Probe  
  18  1:03  Probe  
  19  1:15  Probe  
  20  1:26  Nexus  
  20  1:33  Cybernetics Core  
  20  1:37  Probe  
  21  1:48  Assimilator  
  21  1:49  Pylon  
  21  1:50  Probe  
  22  2:03  Probe  
  22  2:07  Adept (Chrono Boost)  
  23  2:15  Probe (Chrono Boost)  
  26  2:25  Stargate  
  26  2:27  Probe (Chrono Boost)  
  27  2:30  Adept  
  27  2:33  Probe (Chrono Boost)  
  30  2:38  Probe (Chrono Boost)  
  30  2:40  Warp Gate  
  32  2:47  Probe x2 (Chrono Boost)  
  33  2:52  Probe (Chrono Boost)  
  33  2:53  Probe  
  35  3:00  Adept  
  35  3:01  Gateway  
  35  3:04  Probe  
  40  3:15  Void Ray (Chrono Boost)  
  40  3:22  Probe  
  40  3:23  Probe  
  42  3:28  Assimilator  
  42  3:29  Pylon  
  42  3:32  Adept  
  44  3:34  Probe  
  44  3:40  Probe  
  46  3:41  Twilight Council  
  46  3:47  Probe  
  47  3:52  Probe  
  48  3:59  Nexus, Probe  
  49  4:04  Probe  
  49  4:05  Pylon  
  49  4:06  Oracle (Chrono Boost)  
  53  4:15  Probe  
  54  4:20  Dark Shrine  
  54  4:26  Probe  
  54  4:27  Probe  
  56  4:38  Probe  
  57  4:42  Gateway  
  57  4:43  Gateway  
  56  4:46  Gateway  
  56  4:58  Probe  
  57  5:05  Forge x2  
  53  5:08  Pylon  
  53  5:12  Zealot  
  53  5:13  Zealot  
  53  5:14  Probe x2  
  58  5:17  Probe  
  60  5:22  Shield Battery  
  60  5:24  Shield Battery  
  60  5:27  Pylon  
  58  5:30  Gateway  
  52  5:36  Dark Templar x3  
  52  5:38  Dark Templar  
  52  5:42  Pylon  
  57  5:49  Dark Templar  
  47  5:53  Probe (Chrono Boost)  
  47  5:56  Probe (Chrono Boost)  
  45  6:02  Probe (Chrono Boost)  
  39  6:08  Probe (Chrono Boost)  
  31  6:11  Probe (Chrono Boost)  
  30  6:21  Probe (Chrono Boost)  
Tags
 
Add a new tag
Caveats
  • Supply blocks, unpowered buildings, or Contaminate may cause inaccurate times.
  • Supply counts are checked every 10 seconds.